EL
JACKSON GENERALS @ BOWIE BAYSOX
07/29/2049
 
TOP OF THE 1ST
Jackson Generals batting - Pitching for Bowie Baysox : RHP Steve Webb
Pitching: RHP Steve Webb
Batting: RHB Enrique Valdez 0-0: Ball
1-0: Called Strike
1-1: Ball
2-1: Fly out, F9 (Flyball, 89S, EV 96.9 MPH)
Batting: LHB Chris Jackson 0-0: Ball
1-0: Ground out U3 (Groundball, 34, EV 85.6 MPH)
Batting: RHB Kinzo Yokoyama 0-0: Ball
1-0: Swinging Strike
1-1: Ground out 6-3 (Groundball, 6, EV 77.5 MPH)
Top of the 1st over - 0 runs, 0 hits, 0 errors, 0 left on base; Jackson 0 - Bowie 0
BOTTOM OF THE 1ST
Bowie Baysox batting - Pitching for Jackson Generals : RHP Jim Ruleman
Pitching: RHP Jim Ruleman
Batting: RHB Wil Ochoa 0-0: Foul Ball, location: 2F
0-1: Foul Ball, location: 2F
0-2: Ball
1-2: Strikes out looking
Batting: RHB Maup Gommers 0-0: Ball
1-0: Fly out, F9 (Flyball, 89D, EV 90.6 MPH)
Batting: LHB Pat Fontana 0-0: Foul Ball, location: 2F
0-1: Ball
1-1: Called Strike
1-2: Ground out 3-1 (Groundball, 34, EV 85.6 MPH)
Bottom of the 1st over - 0 runs, 0 hits, 0 errors, 0 left on base; Jackson 0 - Bowie 0
TOP OF THE 2ND
Jackson Generals batting - Pitching for Bowie Baysox : RHP Steve Webb
Batting: LHB Addisu Nyamekye 0-0: Called Strike
0-1: Swinging Strike
0-2: Fly out, F3 (Popup, 34S, EV 67.5 MPH)
Batting: RHB Chris Skaff 0-0: Ball
1-0: Swinging Strike
1-1: Foul Ball, location: 2F
1-2: Ball
2-2: Ball
3-2: Ground out 5-3 (Groundball, 56, EV 87.5 MPH)
Batting: LHB Jason Kinney 0-0: Ball
1-0: Ball
2-0: Called Strike
2-1: Foul Ball, location: 2F
2-2: Strikes out swinging
Top of the 2nd over - 0 runs, 0 hits, 0 errors, 0 left on base; Jackson 0 - Bowie 0
BOTTOM OF THE 2ND
Bowie Baysox batting - Pitching for Jackson Generals : RHP Jim Ruleman
Batting: RHB Jonathan Mendoza 0-0: Fly out, F8 (Flyball, 8RXD, EV 86.2 MPH)
Batting: RHB Kevin Popowicz 0-0: Called Strike
0-1: Ball
1-1: Ball
2-1: Ball
3-1: Foul Ball, location: 2F
3-2: Base on Balls
Batting: SHB Chris Wright 0-0: Swinging Strike
0-1: Ball
Kevin Popowicz steals 2nd base
1-1: Ground out 6-3 (Groundball, 6M, EV 79.4 MPH)
Kevin Popowicz to third
Batting: RHB Marquis Major 0-0: Ball
1-0: Ball
2-0: Called Strike
2-1: SINGLE (Groundball, 4MD, EV 103.8 MPH)
Kevin Popowicz scores
Batting: RHB Ismael Macedo 0-0: Called Strike
0-1: Called Strike
0-2: Ball
1-2: Ball
2-2: Ball
3-2: Ground out 6-3 (Groundball, 6, EV 99.4 MPH)
Bottom of the 2nd over - 1 run, 1 hit, 0 errors, 1 left on base; Jackson 0 - Bowie 1
TOP OF THE 3RD
Jackson Generals batting - Pitching for Bowie Baysox : RHP Steve Webb
Batting: RHB Jose Zuniga 0-0: Ball
1-0: Called Strike
1-1: Called Strike
1-2: Strikes out looking
Batting: RHB Chris Van Niel 0-0: Ball
1-0: Swinging Strike
1-1: Swinging Strike
1-2: DOUBLE (Flyball, 8RXD, EV 92.5 MPH)
Batting: LHB Matt Hepburn 0-0: Ball
1-0: Ball
2-0: Called Strike
2-1: Foul Ball, location: 2F
2-2: Foul Ball, location: 2F
2-2: Ball
3-2: Strikes out swinging
Batting: RHB Enrique Valdez 0-0: Called Strike
0-1: Foul Ball, location: 2F
0-2: Ball
1-2: SINGLE (Groundball, 4MD, EV 96.2 MPH)
Chris Van Niel to third
Batting: LHB Chris Jackson 0-0: Ground out U3 (Groundball, 3, EV 81.9 MPH)
Top of the 3rd over - 0 runs, 2 hits, 0 errors, 2 left on base; Jackson 0 - Bowie 1
BOTTOM OF THE 3RD
Bowie Baysox batting - Pitching for Jackson Generals : RHP Jim Ruleman
Batting: RHB Matt Berrier 0-0: Ball
1-0: Called Strike
1-1: Ball
2-1: Called Strike
2-2: Strikes out looking
Batting: RHB Wil Ochoa 0-0: Ball
1-0: Ball
2-0: Called Strike
2-1: Foul Ball, location: 2F
2-2: SINGLE (Groundball, 4MS, EV 70.0 MPH) (infield hit)
Batting: RHB Maup Gommers 0-0: Ball
Wil Ochoa is caught stealing 2nd base 2-4
1-0: Ball
2-0: Ball
3-0: Called Strike
3-1: SINGLE (Line Drive, 7S, EV 93.1 MPH)
Batting: LHB Pat Fontana 0-0: Fly out, F7 (Flyball, 7, EV 88.1 MPH)
Bottom of the 3rd over - 0 runs, 2 hits, 0 errors, 1 left on base; Jackson 0 - Bowie 1
TOP OF THE 4TH
Jackson Generals batting - Pitching for Bowie Baysox : RHP Steve Webb
Batting: RHB Kinzo Yokoyama 0-0: Ball
1-0: Called Strike
1-1: Called Strike
1-2: Foul Ball, location: 2F
1-2: Ground out 4-3 (Groundball, 4, EV 104.4 MPH)
Batting: LHB Addisu Nyamekye 0-0: SINGLE (Groundball, 6D, EV 99.4 MPH)
Batting: RHB Chris Skaff 0-0: Called Strike
Addisu Nyamekye steals 2nd base
0-1: Swinging Strike
0-2: Ball
1-2: Foul Ball, location: 2F
1-2: Foul Ball, location: 2F
1-2: SINGLE (Flyball, 4MD, EV 89.4 MPH)
Addisu Nyamekye to third
Batting: LHB Jason Kinney 0-0: Ball
Chris Skaff is caught stealing 2nd base 2-6
1-0: Called Strike
1-1: Called Strike
1-2: Ball
2-2: Hit by Pitch
Batting: RHB Jose Zuniga 0-0: Foul Ball, location: 2F
0-1: Ball
1-1: Fielders Choice at 2nd, 6-4 (Groundball, 56D, EV 111.2 MPH)
Top of the 4th over - 0 runs, 2 hits, 0 errors, 2 left on base; Jackson 0 - Bowie 1
BOTTOM OF THE 4TH
Bowie Baysox batting - Pitching for Jackson Generals : RHP Jim Ruleman
Batting: RHB Jonathan Mendoza 0-0: Ball
1-0: Called Strike
1-1: Ground out 5-3 (Groundball, 56, EV 108.1 MPH)
Batting: RHB Kevin Popowicz 0-0: Called Strike
0-1: Swinging Strike
0-2: Strikes out swinging
Batting: SHB Chris Wright 0-0: Ball
1-0: SINGLE (Groundball, 56D, EV 104.4 MPH)
Batting: RHB Marquis Major 0-0: Called Strike
0-1: Ball
1-1: Fly out, F8 (Line Drive, 8RM, EV 93.8 MPH)
Bottom of the 4th over - 0 runs, 1 hit, 0 errors, 1 left on base; Jackson 0 - Bowie 1
TOP OF THE 5TH
Jackson Generals batting - Pitching for Bowie Baysox : RHP Steve Webb
Batting: RHB Chris Van Niel 0-0: Called Strike
0-1: Called Strike
0-2: Foul Ball, location: 2F
0-2: Strikes out looking
Batting: LHB Matt Hepburn 0-0: Called Strike
0-1: DOUBLE (Line Drive, 7LD, EV 104.4 MPH)
Batting: RHB Enrique Valdez 0-0: Ball
1-0: Ball
2-0: Swinging Strike
2-1: Ball
Wild Pitch!
Matt Hepburn to third
3-1: Called Strike
3-2: Foul Ball, location: 2F
3-2: Strikes out looking
Batting: LHB Chris Jackson 0-0: Foul Ball, location: 2F
0-1: Foul Ball, location: 2F
0-2: Ball
1-2: Ball
2-2: Foul Ball, location: 2F
2-2: TRIPLE (Line Drive, 89XD, EV 102.5 MPH)
Matt Hepburn scores
Batting: RHB Kinzo Yokoyama 0-0: Called Strike
0-1: Ball
1-1: Ball
2-1: Ball
3-1: Foul Ball, location: 2F
3-2: Fly out, F3 (Popup, 34S, EV 81.2 MPH)
Top of the 5th over - 1 run, 2 hits, 0 errors, 1 left on base; Jackson 1 - Bowie 1
BOTTOM OF THE 5TH
Bowie Baysox batting - Pitching for Jackson Generals : RHP Jim Ruleman
Batting: RHB Ismael Macedo 0-0: Called Strike
0-1: Ball
1-1: DOUBLE (Line Drive, 7LM, EV 108.1 MPH)
Batting: RHB Matt Berrier 0-0: Fly out, F4 (Popup, 4, EV 58.8 MPH)
Batting: RHB Wil Ochoa 0-0: Foul Ball, location: 2F
0-1: Ball
1-1: DOUBLE (Flyball, 8RXD, EV 111.9 MPH)
Ismael Macedo scores
Batting: RHB Maup Gommers 0-0: Ball
1-0: Ball
2-0: SINGLE (Groundball, 6MD, EV 102.5 MPH)
Wil Ochoa to third
Runner from 3rd tries for Home, SAFE, throw by CF to home
Batting: LHB Pat Fontana 0-0: Foul Ball, location: 2F
0-1: Ball
1-1: Ball
2-1: Foul Ball, location: 2F
2-2: Ball
3-2: Foul Ball, location: 2F
3-2: Base on Balls
Maup Gommers to second
Batting: RHB Jonathan Mendoza 0-0: Foul Ball, location: 2F
0-1: Called Strike
0-2: Strikes out swinging
Batting: RHB Kevin Popowicz 0-0: SINGLE (Groundball, 6M, EV 96.2 MPH)
Maup Gommers to third
Pat Fontana to second
Runner from 3rd tries for Home, SAFE, throw by CF to home
Batting: SHB Chris Wright 0-0: Swinging Strike
0-1: Ball
1-1: Called Strike
1-2: Strikes out swinging
Bottom of the 5th over - 3 runs, 4 hits, 0 errors, 2 left on base; Jackson 1 - Bowie 4
TOP OF THE 6TH
Jackson Generals batting - Pitching for Bowie Baysox : RHP Steve Webb
Batting: LHB Addisu Nyamekye 0-0: Foul Ball, location: 2F
0-1: Foul Ball, location: 2F
0-2: TRIPLE (Flyball, 89XD, EV 98.8 MPH)
Pitching: RHP Jason Turley
Batting: RHB Chris Skaff 0-0: Ball
1-0: Foul Ball, location: 2F
1-1: Called Strike
1-2: Ball
2-2: Ball
3-2: Strikes out swinging
Batting: LHB Jason Kinney 0-0: Ball
1-0: Ball
2-0: Called Strike
2-1: Ball
3-1: Foul Ball, location: 2F
3-2: Foul Ball, location: 2F
3-2: Fly out, F9 (Line Drive, 9, EV 101.9 MPH)
Batting: RHB Jose Zuniga 0-0: Ball
1-0: Called Strike
1-1: Ball
2-1: Ball
3-1: Base on Balls
Batting: RHB Chris Van Niel 0-0: Ball
1-0: Swinging Strike
1-1: Ball
2-1: Ball
3-1: Called Strike
3-2: Ground out 6-3 (Groundball, 6, EV 103.1 MPH)
Top of the 6th over - 0 runs, 1 hit, 0 errors, 2 left on base; Jackson 1 - Bowie 4
BOTTOM OF THE 6TH
Bowie Baysox batting - Pitching for Jackson Generals : RHP Jim Ruleman
Batting: RHB Marquis Major 0-0: Called Strike
0-1: Ball
1-1: Ball
2-1: Ball
3-1: Foul Ball, location: 2F
3-2: Base on Balls
Batting: RHB Ismael Macedo 0-0: Ball
1-0: Called Strike
1-1: Foul Ball, location: 2F
1-2: Ball
2-2: SINGLE (Line Drive, 4D, EV 106.2 MPH)
Marquis Major to second
DELAY Rain delay of 46 minutes in the 6th inning.
Pitching: RHP Marvin Velasco
Batting: RHB Matt Berrier 0-0: Reached on error, E5 (Groundball, 5, EV 78.1 MPH)
Marquis Major to third
Ismael Macedo to second
Batting: RHB Wil Ochoa 0-0: Ball
1-0: Ball
2-0: Ball
3-0: Called Strike
3-1: Called Strike
3-2: SINGLE (Line Drive, 4M, EV 99.4 MPH)
Marquis Major scores
Ismael Macedo to third
Matt Berrier to second
Batting: RHB Maup Gommers 0-0: Foul Ball, location: 2F
0-1: Foul Ball, location: 2F
0-2: Ball
1-2: Ball
2-2: Foul Ball, location: 2F
2-2: Foul Ball, location: 2F
2-2: Strikes out looking
Batting: LHB Pat Fontana 0-0: Foul Ball, location: 2F
0-1: Foul Ball, location: 2F
0-2: Foul Ball, location: 2F
0-2: SINGLE (Groundball, 6S, EV 71.9 MPH) (infield hit)
Ismael Macedo scores
Matt Berrier to third
Wil Ochoa to second
Batting: RHB Jonathan Mendoza 0-0: Ball
1-0: Fly out, F7 (Flyball, 7, EV 92.5 MPH)
Batting: RHB Kevin Popowicz 0-0: Swinging Strike
0-1: Swinging Strike
0-2: Strikes out swinging
Bottom of the 6th over - 2 runs, 3 hits, 1 error, 3 left on base; Jackson 1 - Bowie 6
TOP OF THE 7TH
Jackson Generals batting - Pitching for Bowie Baysox : RHP Jason Turley
Batting: LHB Matt Hepburn 0-0: Ball
1-0: SINGLE (Groundball, 6M, EV 103.8 MPH) (infield hit)
Batting: RHB Enrique Valdez 0-0: Called Strike
0-1: Called Strike
0-2: Foul Ball, location: 2F
0-2: SINGLE (Line Drive, 8LS, EV 109.4 MPH)
Matt Hepburn to second
Matt Hepburn to third
Pitching: LHP Justin Hinton
Batting: LHB Chris Jackson 0-0: Ball
Enrique Valdez is caught stealing 2nd base 2-6
1-0: Foul Ball, location: 2F
1-1: Ball
2-1: Ball
3-1: TRIPLE (Flyball, 78XD, EV 90.0 MPH)
Matt Hepburn scores
Batting: RHB Kinzo Yokoyama 0-0: Foul Ball, location: 2F
0-1: Ball
1-1: Ball
2-1: Swinging Strike
2-2: Ball
3-2: 2-RUN HOME RUN (Line Drive, 78XD, EV 111.2 MPH), Distance : 422 ft
Batting: LHB Addisu Nyamekye 0-0: Called Strike
0-1: Swinging Strike
0-2: Strikes out swinging
Batting: RHB Chris Skaff 0-0: Called Strike
0-1: Hit by Pitch
Batting: LHB Jason Kinney 0-0: Swinging Strike
0-1: Swinging Strike
0-2: Strikes out looking
Top of the 7th over - 3 runs, 4 hits, 0 errors, 1 left on base; Jackson 4 - Bowie 6
BOTTOM OF THE 7TH
Bowie Baysox batting - Pitching for Jackson Generals : RHP Marvin Velasco
Batting: SHB Chris Wright 0-0: Ball
1-0: Called Strike
1-1: Fly out, F3 (Popup, 23F, EV 80.6 MPH)
Batting: RHB Marquis Major 0-0: Ball
1-0: Ball
2-0: Foul Ball, location: 2F
2-1: DOUBLE (Line Drive, 9LS, EV 108.1 MPH)
Batting: RHB Ismael Macedo 0-0: Intentional Walk
Batting: RHB Matt Berrier 0-0: Ball
1-0: Called Strike
1-1: Called Strike
1-2: Strikes out swinging
Batting: RHB Wil Ochoa 0-0: Swinging Strike
0-1: Ball
1-1: Called Strike
1-2: Foul Ball, location: 2F
1-2: Ball
2-2: Fly out, F8 (Flyball, 8LXD, EV 98.8 MPH)
Bottom of the 7th over - 0 runs, 1 hit, 0 errors, 2 left on base; Jackson 4 - Bowie 6
TOP OF THE 8TH
Jackson Generals batting - Pitching for Bowie Baysox : LHP Justin Hinton
Batting: RHB Jose Zuniga 0-0: Ball
1-0: Ground out U3 (Groundball, 34, EV 100.6 MPH)
Batting: RHB Chris Van Niel 0-0: Ball
1-0: SINGLE (Line Drive, 7LS, EV 113.8 MPH)
Pinch Hitting: RHB Mike Conaway 0-0: Ball
1-0: Called Strike
1-1: Ball
2-1: Fielders Choice at 2nd, 4-6 (Groundball, 4, EV 86.9 MPH)
Batting: RHB Enrique Valdez 0-0: Foul Ball, location: 2F
0-1: Ball
1-1: Foul Ball, location: 2F
1-2: Ball
2-2: Foul Ball, location: 2F
2-2: Foul Ball, location: 2F
2-2: SINGLE (Line Drive, 5L, EV 99.4 MPH)
Mike Conaway to second
Throwing error, E7
Mike Conaway scores
Enrique Valdez to second
Pitching: RHP Nick Hodge
Batting: LHB Chris Jackson 0-0: Foul Ball, location: 2F
0-1: Swinging Strike
0-2: Ball
1-2: Ball
2-2: Fly out, F7 (Line Drive, 78M, EV 98.1 MPH)
Top of the 8th over - 1 run, 2 hits, 1 error, 1 left on base; Jackson 5 - Bowie 6
BOTTOM OF THE 8TH
Bowie Baysox batting - Pitching for Jackson Generals : RHP Marvin Velasco
Pitching: RHP Eduardo Arlarcon
Now in CF: Mike Conaway
Batting: RHB Maup Gommers 0-0: Foul Ball, location: 2F
0-1: Ball
1-1: Ball
2-1: Swinging Strike
2-2: Strikes out swinging
Batting: LHB Pat Fontana 0-0: Ball
1-0: Called Strike
1-1: Swinging Strike
1-2: Ball
2-2: Ball
3-2: Base on Balls
Batting: RHB Jonathan Mendoza 0-0: Ball
1-0: Called Strike
Pat Fontana is caught stealing 2nd base 2-4
1-1: Ball
2-1: Ball
3-1: Base on Balls
Batting: RHB Kevin Popowicz 0-0: Called Strike
0-1: Foul Ball, location: 2F
0-2: Ball
1-2: Strikes out looking
Bottom of the 8th over - 0 runs, 0 hits, 0 errors, 1 left on base; Jackson 5 - Bowie 6
TOP OF THE 9TH
Jackson Generals batting - Pitching for Bowie Baysox : RHP Nick Hodge
Pitching: RHP Jon Grason
Batting: RHB Kinzo Yokoyama 0-0: Foul Ball, location: 2F
0-1: Swinging Strike
0-2: Ball
1-2: Ball
2-2: Foul Ball, location: 2F
2-2: Strikes out swinging
Batting: LHB Addisu Nyamekye 0-0: DOUBLE (Flyball, 9LD, EV 96.2 MPH)
Batting: RHB Chris Skaff 0-0: Ball
1-0: Swinging Strike
1-1: Ball
2-1: Ground out 4-3 (Groundball, 4M, EV 85.6 MPH)
Addisu Nyamekye to third
Batting: LHB Jason Kinney 0-0: Ball
1-0: Ground out 4-3 (Groundball, 4, EV 103.8 MPH)
Top of the 9th over - 0 runs, 1 hit, 0 errors, 1 left on base; Jackson 5 - Bowie 6
Sunday, July 16th , 2023 - OOTP Baseball 24.6 Build 69